 Dungeon Crawl Stone Soup version 0.28.0-43-g3370ac3207 (webtiles) character file.

Game seed: 17895392217494007036

1057 graymark the Grasshopper (level 8, -4/60 HPs)
             Began as a Gnoll Wanderer on Mar 1, 2022.
             Slain by Menkaure (12 damage)
             ... on level 5 of the Dungeon.
             The game lasted 00:22:13 (7239 turns).

graymark the Grasshopper (Gnoll Wanderer)           Turns: 7239, Time: 00:22:14

Health: -4/60      AC:  5    Str: 10    XL:     8   Next: 27%
Magic:  16/16      EV: 11    Int: 16    God:
Gold:   261        SH:  4    Dex: 11    Spells: 7/18 levels left

rFire   + . .      SeeInvis .   a - +0 dagger
rCold   . . .      Faith    .   w - +0 buckler
rNeg    . . .      Spirit   .   y - +0 leather armour "Uffeem Sopnu" {Rampage Will+ Regen+}
rPois   .          Reflect  .   u - +0 hat
rElec   .          Harm     .   c - +0 cloak
rCorr   .          Rampage  +   g - +0 pair of gloves
Will    +....                   (no boots)
Stlth   +++.......              (no amulet)
HPRegen 1.00/turn               m - ring of protection from fire
MPRegen 0.15/turn               (no ring)

@: no status effects
A: fangs 1, strong nose, distributed training
a: no special abilities


You were on level 5 of the Dungeon.
You visited 1 branch of the dungeon, and saw 5 of its levels.

You collected 261 gold pieces.

Inventory:

Hand Weapons
 a - a +0 dagger (weapon)
 h - a +0 hunting sling
Missiles
 e - 146 stones (quivered)
 i - 32 sling bullets
Armour
 b - a +0 robe
 c - a +0 cloak (worn)
 g - a +0 pair of gloves (worn)
 u - a +0 hat (worn)
 w - a +0 buckler (worn)
 y - the +0 leather armour "Uffeem Sopnu" (worn) {Rampage Will+ Regen+}
   (You found it on level 4 of the Dungeon)

   Regen:     It increases your rate of health regeneration.
   Rampage:   It bestows one free step when moving towards enemies.
   Will:      It increases your willpower.
Jewellery
 m - a ring of protection from fire (left hand)
Wands
 C - a wand of iceblast (5)
Scrolls
 d - 2 scrolls of amnesia {unknown}
 j - 2 scrolls of teleportation
 p - 2 scrolls of immolation {unknown}
 q - a scroll of brand weapon {unknown}
 r - a scroll of blinking {unknown}
 x - a scroll of enchant armour {unknown}
 A - 2 scrolls of magic mapping
 B - a scroll of fear {unknown}
Potions
 f - a potion of attraction {unknown}
 k - 2 potions of resistance
 l - 2 potions of curing
 n - a potion of brilliance {unknown}
 o - a potion of cancellation {unknown}
 s - a potion of mutation {unknown}
 t - a potion of heal wounds
 v - a potion of magic {unknown}
 z - 2 potions of lignification {unknown}
 D - a potion of haste {unknown}


   Skills:
 + Level 4.1 Fighting
 + Level 3.1 Short Blades
 + Level 3.1 Long Blades
 + Level 3.1 Axes
 + Level 3.1 Maces & Flails
 + Level 3.1 Polearms
 + Level 3.1 Staves
 + Level 3.1 Slings
 + Level 3.1 Bows
 + Level 3.1 Crossbows
 + Level 3.1 Throwing
 + Level 3.1 Armour
 + Level 3.1 Dodging
 + Level 5.2 Stealth
 + Level 3.1 Shields
 + Level 3.1 Unarmed Combat
 + Level 5.9 Spellcasting
 + Level 2.5 Conjurations
 + Level 2.5 Hexes
 + Level 2.5 Summonings
 + Level 2.5 Necromancy
 + Level 6.0 Translocations
 + Level 4.6 Transmutations
 + Level 2.5 Fire Magic
 + Level 2.5 Ice Magic
 + Level 2.5 Air Magic
 + Level 2.5 Earth Magic
 + Level 2.5 Poison Magic
 + Level 3.4 Invocations
 + Level 3.1 Evocations


You had 7 spell levels left.
You knew the following spells:

 Your Spells              Type           Power      Damage    Failure   Level
a - Sting                 Tmut/Pois      64%        1d6       5%          1
b - Ignite Poison         Fire/Tmut/Pois 15%        N/A       19%         3
c - Poisonous Vapours     Pois/Air       24%        N/A       13%         2
d - Corpse Rot            Necr/Air       24%        N/A       13%         2
e - Tukima's Dance        Hex            12%        N/A       26%         3

Your spell library contained the following spells:

 Spells                   Type           Power      Damage    Failure   Level
 Apportation              Tloc           48%        N/A       1%          1
 Lesser Beckoning         Tloc           24%        N/A       6%          3
 Passwall                 Tmut/Erth      13%        N/A       9%          2
 Anguish                  Hex/Necr       6%         N/A       63%         4
 Alistair's Intoxication  Tmut/Pois      10%        N/A       83%         5
 Enfeeble                 Hex            6%         N/A       100%        7


Dungeon Overview and Level Annotations

Branches:
Dungeon (5/15)
 Temple: D:4-7

Altars:
Ashenzari
Okawaru

Annotations:
D:1 1 runed translucent door
D:2 1 runed translucent door, Crazy Yiuf
D:4 4 runed translucent doors
D:5 Duvessa, Menkaure


Innate Abilities, Weirdness & Mutations

You have very sharp teeth.
Your uncanny sense of smell can sniff out nearby items.
Your experience applies equally to all skills.


Message History

Menkaure seems to speed up.
You rampage towards Menkaure!
You hit Menkaure but do no damage.
Menkaure calls on the powers of darkness!
Your body is wracked with pain!
The goblin convulses! x2
You barely miss Menkaure. Menkaure hits you.
You hit Menkaure but do no damage. You block Menkaure's attack.
You hit Menkaure but do no damage. You bite Menkaure, but do no damage.
Menkaure hits you.
You hit Menkaure but do no damage. You bite Menkaure.
Menkaure is lightly damaged.
Menkaure casts a spell at you. You resist with some effort.
The goblin barely misses you.
You hit Menkaure.
Menkaure is lightly damaged.
Menkaure hits you!!
* * * LOW HITPOINT WARNING * * *
You block the goblin's attack. Menkaure hits you but does no damage.
You hit Menkaure. Your bite misses Menkaure.
Menkaure is lightly damaged.
You block the goblin's attack. Menkaure barely misses you.
You hit Menkaure but do no damage.
Menkaure is lightly damaged.
The goblin hits you with a +0 club.
* * * LOW HITPOINT WARNING * * *
Menkaure rustles, "It doesn't hurt if you pull your brain out of your nose yourself."
You block Menkaure's attack.
You barely miss Menkaure. You bite Menkaure, but do no damage.
Menkaure is lightly damaged.
The goblin closely misses you. Menkaure closely misses you.
You hit Menkaure but do no damage.
Menkaure is lightly damaged.
Menkaure calls on the powers of darkness!
Your body is wracked with pain!
* * * LOW HITPOINT WARNING * * *
The goblin convulses! x4; You block the goblin's attack.
You hit Menkaure.
Menkaure is moderately damaged.
Menkaure hits you!
You die...

# ### ### #
#.################### #.# #
#.........M@ggggggg.# #.# #
#.#####.##########.#######.#
# #.# #..........#.#.......#
# #.# #.########.#.#.#####.#
######'#####'########<#g#.#
###'#
......................#.#.#
#....
......................#.#.#
#....
......................#g#.#
#....
................[.....#.#.#
#....


You could see Menkaure (fast) and 7 goblins.

Vanquished Creatures
  Grinder (D:5)
  A phantom (D:4)
  2 scorpions (D:4)
  A water moccasin zombie (D:5)
  A howler monkey (D:5)
  A bullfrog zombie (D:4)
  A gnoll shaman (D:4)
  2 hounds (D:4)
  3 orc priests (D:4)
  Jessica (D:2)
  2 iguanas (D:4)
  3 orc wizards (D:4)
  A howler monkey skeleton (D:5)
  7 adders
  An adder zombie (D:4)
  An adder skeleton (D:4)
  5 worms
  3 dart slugs
  6 orcs (D:4)
  7 endoplasms
  5 giant cockroaches
  6 goblins
  9 hobgoblins
  6 kobolds
  2 quokkas
  15 ball pythons
  6 bats
  4 frilled lizards
  4 rats
  A spectral goblin (D:2)
108 creatures vanquished.

Vanquished Creatures (others)
  A fungus (D:2)
1 creature vanquished.

Grand Total: 109 creatures vanquished

Notes
Turn   | Place    | Note
-------+----------+-------------------------------------------
     0 | D:1      | graymark the Gnoll Wanderer began the quest for the Orb.
     0 | D:1      | graymark set off with the following items: a +0 dagger, a
                  | +0 robe, a +0 cloak; and the following spells available to
                  | memorise: Apportation, Lesser Beckoning, Sting, Passwall,
                  | Ignite Poison
     0 | D:1      | Reached XP level 1. HP: 17/17 MP: 6/6
     1 | D:1      | Found a runed translucent door.
    27 | D:1      | Learned a level 1 spell: Sting
   311 | D:1      | Reached XP level 2. HP: 23/23 MP: 7/7
   861 | D:1      | Reached XP level 3. HP: 23/28 MP: 7/9
   945 | D:1      | Reached skill level 5 in Spellcasting
  1348 | D:2      | Reached skill level 1 in Invocations
  1560 | D:2      | Reached skill level 1 in Short Blades
  1560 | D:2      | Reached skill level 1 in Long Blades
  1560 | D:2      | Reached skill level 1 in Axes
  1560 | D:2      | Reached skill level 1 in Maces & Flails
  1560 | D:2      | Reached skill level 1 in Polearms
  1560 | D:2      | Reached skill level 1 in Staves
  1560 | D:2      | Reached skill level 1 in Slings
  1560 | D:2      | Reached skill level 1 in Bows
  1560 | D:2      | Reached skill level 1 in Crossbows
  1560 | D:2      | Reached skill level 1 in Throwing
  1560 | D:2      | Reached skill level 1 in Armour
  1560 | D:2      | Reached skill level 1 in Dodging
  1560 | D:2      | Reached skill level 1 in Shields
  1560 | D:2      | Reached skill level 1 in Unarmed Combat
  1560 | D:2      | Reached skill level 1 in Evocations
  1822 | D:2      | Found a faded altar of an unknown god.
  1827 | D:2      | Learned a level 3 spell: Ignite Poison
  1856 | D:2      | Reached XP level 4. HP: 34/34 MP: 11/11
  2225 | D:2      | Reached skill level 1 in Conjurations
  2225 | D:2      | Reached skill level 1 in Hexes
  2225 | D:2      | Reached skill level 1 in Summonings
  2225 | D:2      | Reached skill level 1 in Necromancy
  2225 | D:2      | Reached skill level 1 in Fire Magic
  2225 | D:2      | Reached skill level 1 in Ice Magic
  2225 | D:2      | Reached skill level 1 in Air Magic
  2225 | D:2      | Reached skill level 1 in Earth Magic
  2225 | D:2      | Reached skill level 1 in Poison Magic
  2315 | D:2      | Found a runed translucent door.
  2316 | D:2      | Noticed Crazy Yiuf
  2526 | D:2      | Noticed Jessica
  2532 | D:2      | Killed Jessica
  2533 | D:2      | Reached XP level 5. HP: 40/40 MP: 7/12
  2740 | D:3      | Found an iron altar of Okawaru.
  3607 | D:4      | Learned a level 2 spell: Poisonous Vapours
  3610 | D:4      | Learned a level 2 spell: Corpse Rot
  3884 | D:4      | Found a large runed translucent door.
  3884 | D:4      | Found a large runed translucent door.
  3922 | D:4      | Reached XP level 6. HP: 17/47 MP: 8/13
  4225 | D:4      | Found a large runed translucent door.
  4225 | D:4      | Found a large runed translucent door.
  4237 | D:4      | Noticed a water moccasin
  4239 | D:4      | Noticed a steam dragon
  4990 | D:4      | Reached XP level 7. HP: 12/52 MP: 13/15
  5438 | D:4      | Found a broken altar of Ashenzari.
  5874 | D:4      | Reached skill level 5 in Stealth
  6098 | D:4      | Identified the +0 leather armour "Uffeem Sopnu" {Rampage
                  | Will+ Regen+}
  6283 | D:5      | Entered Level 5 of the Dungeon
  6608 | D:5      | Reached skill level 6 in Translocations
  6608 | D:5      | Reached XP level 8. HP: 54/60 MP: 9/16
  6689 | D:5      | Learned a level 3 spell: Tukima's Dance
  6703 | D:5      | Noticed Grinder
  6709 | D:5      | Paralysed by Grinder for 4 turns
  6733 | D:5      | Paralysed by Grinder for 6 turns
  6740 | D:5      | Paralysed by Grinder for 2 turns
  6743 | D:5      | Killed Grinder
  6797 | D:5      | Noticed Duvessa
  6928 | D:5      | Noticed Menkaure
  7239 | D:5      | Slain by Menkaure

Illustrated notes

Levels and vault maps discovered:
D:1:      dpeg_arrival_caged_fury, layout_basic, chequers_mini_garden
D:2:      layout_basic, dreamdust_ecumenical_altar_drowned_temple,
          minmay_snake_closets, uniq_jessica, uniq_crazy_yiuf_cottage
D:3:      layout_rooms, lemuel_round_altar, roderic_roman_lattice
D:4:      layout_layer_cave, evilmike_ruin_ashenzari,
          minmay_hollow_rounded_squares
D:5:      layout_basic, minmay_ogre_servants, uniq_menkaure, uniq_grinder,
          uniq_duvessa

Skill      XL: |  1  2  3  4  5  6  7  8 |
---------------+-------------------------+-----
Spellcasting   | 5 |  5.9
Invocations    | 1 2 3 |  3.4
Short Blades   | 1 2 3 |  3.1
Long Blades    | 1 2 3 |  3.1
Axes           | 1 2 3 |  3.1
Maces & Flails | 1 2 3 |  3.1
Polearms       | 1 2 3 |  3.1
Staves         | 1 2 3 |  3.1
Slings         | 1 2 3 |  3.1
Bows           | 1 2 3 |  3.1
Crossbows      | 1 2 3 |  3.1
Throwing       | 1 2 3 |  3.1
Armour         | 1 2 3 |  3.1
Dodging        | 1 2 3 |  3.1
Shields        | 1 2 3 |  3.1
Unarmed Combat | 1 2 3 |  3.1
Evocations     | 1 2 3 |  3.1
Conjurations   | 1 2 |  2.5
Hexes          | 1 2 |  2.5
Summonings     | 1 2 |  2.5
Necromancy     | 1 2 |  2.5
Fire Magic     | 1 2 |  2.5
Ice Magic      | 1 2 |  2.5
Air Magic      | 1 2 |  2.5
Earth Magic    | 1 2 |  2.5
Poison Magic   | 1 2 |  2.5
Fighting       | 3 4 |  4.1
Transmutations | 4 |  4.6
Stealth        | 5 |  5.2
Translocations | 6 |  6.0

Action                   |  1- 3 |  4- 6 |  7- 9 || total
-------------------------+-------+-------+-------++-------
Melee: Dagger            |    64 |    94 |   115 ||   273
       Bite              |     6 |    13 |    16 ||    35
       Punch             |     1 |     2 |       ||     3
 Fire: Hunting sling     |       |    10 |    14 ||    24
 Cast: Sting             |    47 |    87 |    50 ||   184
       Poisonous Vapours |       |     3 |     4 ||     7
  Use: Scroll            |       |     4 |     1 ||     5
       Potion            |       |     1 |     4 ||     5
 Stab: Sleeping          |     7 |    13 |     1 ||    21
Armor: Robe              |    24 |    29 |    25 ||    78
       Leather armour    |       |       |    14 ||    14
Dodge: Dodged            |    44 |    49 |    64 ||   157
Block: Buckler           |       |     1 |    28 ||    29
